 Dungeon Crawl Stone Soup version 0.18-a0-971-g0af6217 (webtiles) character file.

53 Duffy the Skirmisher (level 3, -1/21 HPs)
             Began as a Vine Stalker Berserker on Jan 3, 2016.
             Was a Believer of Trog.
             Slain by a hobgoblin (2 damage)
             ... on level 2 of the Dungeon.
             The game lasted 00:01:25 (1402 turns).

Duffy the Skirmisher (Vine Stalker Berserker)       Turns: 1402, Time: 00:01:25

Health: -1/21      AC:  2    Str: 19    XL:     3   Next: 89%
Magic:  0/4        EV: 12    Int:  8    God:    Trog [**....]
Gold:   82         SH:  0    Dex: 13    Spells: 0 memorised, 2 levels left

rFire  . . .     SeeInvis .     a - +0 hand axe
rCold  . . .     Gourm    .     b - +0 animal skin
rNeg   . . .     Faith    .     (no shield)
rPois  .         Spirit   +     (no helmet)
rElec  .         Dismiss  .     (no cloak)
rCorr  .         Reflect  .     (no gloves)
SustAt +         Harm     .     (no boots)
MR     .....                    (no amulet)
Stlth  +.........               (no ring)
                                h - ring of sustain attributes

@: lethally poisoned (-1 -> -1), exhausted, slowed, very slow, not resistant to
hostile enchantments, very unstealthy
A: fangs 2, regeneration 1, magic shield, antimagic bite, no device heal 3, rot
immunity
a: Berserk, Trog's Hand, Burn Spellbooks, Renounce Religion


You were on level 2 of the Dungeon.
You worshipped Trog.
Trog was pleased with you.
You were hungry.

You visited 1 branch of the dungeon, and saw 2 of its levels.

You collected 82 gold pieces.


Innate Abilities, Weirdness & Mutations

You have extremely sharp teeth.
Your natural rate of healing is unusually fast.
When hurt, damage is shared between your health and your magic reserves.
Your bite disrupts and absorbs the magic of your enemies.
Potions and wands cannot restore your health.
You are immune to rotting.


   Skills:
 + Level 3.6 Fighting
 + Level 3.3 Axes
 - Level 1.5 Armour
 - Level 1.5 Dodging


You had 2 spell levels left.
You didn't know any spells.

Inventory:

Hand Weapons
 a - a +0 hand axe (weapon)
Armour
 b - a +0 animal skin (worn)
Jewellery
 h - a ring of sustain attributes (left hand)
Scrolls
 e - 5 scrolls of identify {unknown}
 g - 2 scrolls of remove curse {unknown}
Potions
 d - a potion of curing {unknown}
 k - a potion of invisibility {unknown}
 l - a potion of ambrosia {unknown}
Comestibles
 c - 2 bread rations
 f - 3 beef jerkies
 i - 3 fruits
 j - a meat ration

Dungeon Overview and Level Annotations

Branches:
Dungeon (2/15)

Altars:
Nemelex Xobeh


Message History

You feel a strong urge to attack something.
You feel sick.
You swing at nothing.
The kobold throws a stone.
The stone misses you.
You swing at nothing.
You feel your anger subside.
You are no longer berserk.
You are exhausted.
You feel yourself slow down.
You are feeling hungry.
You feel sick.
You hit the kobold. Your bite misses the kobold.
The kobold is moderately wounded.
The kobold hits you. The kobold misses you.
You hit the kobold.
You kill the kobold!
Trog accepts your kill.
You feel sick. The hobgoblin closely misses you.
You hit the hobgoblin.
You bite the hobgoblin, but do no damage.
The hobgoblin is heavily wounded.
You feel sick. The hobgoblin hits you.
You hit the hobgoblin.
You bite the hobgoblin, but do no damage.
The hobgoblin is heavily wounded.
The hobgoblin hits you. The hobgoblin completely misses you.
You closely miss the hobgoblin.
The hobgoblin is heavily wounded.
You feel sick. The hobgoblin hits you. The hobgoblin hits you.
You hit the hobgoblin. Your bite misses the hobgoblin.
The hobgoblin is almost dead.
The hobgoblin barely misses you. x2
You closely miss the hobgoblin.
You bite the hobgoblin, but do no damage.
The hobgoblin is almost dead.
You feel sick. The hobgoblin hits you.
You die...

#....#..........###...#.#
#.####......####...)...#
#................#......#
######....#####..#.......#
#....##.....#........#
#.#####.##.##......... #.#
#...##....##...... ..#
#.######..# #..... ..##
#@# #..# ....# #.<.ghg.#
.# ....h#### .# .... # ...
.. .


You could see 2 jackals, a hobgoblin and a goblin.

Action                   || total
-------------------------++-------
Melee: Hand axe          ||    99
Invok: Berserk           ||     1
 Stab: Sleeping          ||     1
  Eat: Chunk             ||     2

Notes
Turn   | Place    | Note
--------------------------------------------------------------
     0 | D:1      | Duffy the Vine Stalker Berserker began the quest for the Orb.
     0 | D:1      | Reached XP level 1. HP: 11/11 MP: 2/2
    59 | D:1      | Reached XP level 2. HP: 13/16 MP: 3/3
   106 | D:1      | Reached skill level 3 in Fighting
   106 | D:1      | Reached skill level 3 in Axes
   430 | D:1      | Reached XP level 3. HP: 13/20 MP: 2/4
   613 | D:1      | Reached ** piety under Trog
   869 | D:1      | Found a sparkling altar of Nemelex Xobeh.
  1402 | D:2      | Slain by a hobgoblin

Vault maps used:
D:1:      dpeg_arrival_morbid_curiosity, hex_medium, grunt_decor_arrowhead,
          nemelex_deck
D:2:      wad_pebble_path, makhleb_blood_cavern_becter

Vanquished Creatures
  An adder
  An ooze
  5 bats
  A giant cockroach
  7 goblins
  9 hobgoblins
  5 kobolds
  A giant newt
  9 rats
39 creatures vanquished.
